 Dungeon Crawl Stone Soup version 0.21-a0-273-g0785366 (webtiles) character file.

57157 Syneil the Severer (level 14, -24/135 HPs)
             Began as a Deep Dwarf Berserker on Sept 15, 2017.
             Was a High Priest of Trog.
             Annihilated by an ettin
             ... wielding a +0 dire flail
              (34 damage)
             ... on level 12 of the Dungeon on Sept 16, 2017.
             The game lasted 01:13:16 (17222 turns).

Syneil the Severer (Deep Dwarf Berserker)          Turns: 17222, Time: 01:13:17

Health: -24/135    AC: 18    Str: 22    XL:     14   Next: 44%
Magic:  0/0        EV: 12    Int: 15    God:    Trog [*****.]
Gold:   1849       SH:  4    Dex: 14    Spells: 13/13 levels left

rFire    x . .     SeeInvis .   a - +6 executioner's axe of the Endless March {chop, Str-5 Int+6 Dex+2}
rCold    + + .     Gourm    .   (shield currently unavailable)
rNeg     + . .     Faith    .   X - +0 ice dragon scales
rPois    .         Spirit   .   A - +2 hat
rElec    .         Reflect  +   (no cloak)
rCorr    .         Harm     .   x - +0 pair of gloves
MR       +++..                  (no boots)
Stlth    ..........             p - +4 amulet of reflection
HPRegen  0.00/turn              M - ring of protection from magic
MPRegen  0.07/turn              B - +2 ring of strength

@: lethally poisoned (-24 -> -24), non-regenerating
A: damage resistance, heal wounds, negative energy resistance 1, sense
surroundings 2, no regeneration
a: Heal Wounds, Berserk, Trog's Hand, Brothers in Arms, Burn Spellbooks,
Renounce Religion


You were on level 12 of the Dungeon.
You worshipped Trog.
Trog was extremely pleased with you.
You were not hungry.

You visited 2 branches of the dungeon, and saw 18 of its levels.
You also visited: Labyrinth, Sewer and Volcano.

You collected 1849 gold pieces.

Inventory:

Hand Weapons
 a - the +6 executioner's axe of the Endless March (weapon) {chop, Str-5 Int+6 Dex+2}
   (Trog gifted it to you on level 1 of the Lair of Beasts)

   It inflicts extra damage upon your enemies.
   It affects your strength (-5).
   It affects your intelligence (+6).
   It affects your dexterity (+2).
 b - a +0 flail
 c - a +4 antimagic battleaxe
 o - a +1 battleaxe of electrocution
Missiles
 G - 10 tomahawks (quivered)
Armour
 x - a +0 pair of gloves (worn)
 A - a +2 hat (worn)
 X - +0 ice dragon scales (worn)
Jewellery
 p - a +4 amulet of reflection (around neck)
 B - a +2 ring of strength (right hand)
 M - a ring of protection from magic (left hand)
 S - an uncursed ring of protection from magic
Wands
 r - a wand of digging (7/24)
 t - a wand of confusion (28/48)
 u - a wand of lightning (4/15)
 D - a wand of digging (6/24)
 F - a wand of iceblast (7/15)
 I - a wand of flame (36/48)
 J - a wand of enslavement (8/24)
 K - a wand of acid (4/15)
 O - a wand of disintegration (9/24)
 U - a wand of scattershot (3/9)
Scrolls
 f - 7 scrolls of teleportation
 h - 9 scrolls of magic mapping
 i - 4 scrolls of enchant weapon
 n - 8 scrolls of enchant armour
 v - 5 scrolls of blinking
 y - 5 scrolls of remove curse
 Q - 3 scrolls of fog
Potions
 e - 4 potions of haste
 g - 8 potions of flight
 j - 11 potions of curing
 k - 4 potions of cancellation
 m - a potion of ambrosia
 q - 4 potions of resistance
 s - 7 potions of heal wounds
 Z - a potion of invisibility {unknown}
Comestibles
 d - 4 meat rations
 l - 2 royal jellies
 w - 2 chunks of flesh
 P - 13 bread rations


   Skills:
 + Level 11.3 Fighting
 * Level 19.3 Axes
 + Level 13.3 Armour
 + Level 3.8 Dodging


You had 13 spell levels left.
You didn't know any spells.

Dungeon Overview and Level Annotations

Branches:
Dungeon (12/15)            Temple (0/1) D:6            Lair (6/6) D:9
 Shoals (0/4) Lair:3       Spider (0/4) Lair:2        Slime (0/5) Lair:5
    Orc (0/2) D:11

Altars:
Ashenzari
Kikubaaqudgha
Qazlal
Sif Muna
Xom
Yredelemnul

Annotations:
Lair:4 exclusion: oklob plant


Innate Abilities, Weirdness & Mutations

You are resistant to damage.
You can heal yourself by infusing magical energy.
You resist negative energy. (rN+)
You passively map the area around you.
You do not regenerate.


Message History

The bolt of acid hits you!
You are splashed with acid!
The acid burns!
The battlesphere fires!
The barrage of energy hits you!
* * * LOW HITPOINT WARNING * * *
The ettin hits your two-headed ogre with a great mace!!!
Your two-headed ogre dies!
Your two-headed ogre's corpse disappears in a puff of smoke!
An ettin comes into view. It is wielding two dire flails.
Unknown command.
You feel sick. The ettin closely misses you. x2
You slash the ettin!
The ettin is lightly wounded.
You feel sick.
The tengu reaver hits you with a war axe of distortion!
* * * LOW HITPOINT WARNING * * *
Space bends around you.
* * * LOW HITPOINT WARNING * * *
The tengu reaver pecks you but does no damage.
The tengu reaver claws you but does no damage.
The ettin hits you with a dire flail!!!
You die...

#.≈#..################..#÷..))...
#.≈#..#...........(.$#..#≈...##.#
#.≈#..#.......)...((.#..#≈).###.#
#.≈#..#..##########(.#..#≈).##..#
..≈#..#..#,D*..S.$#..#..#≈..#...#
..≈#..#..# ...§*#).#..#≈....#.#
#.≈#..#..# #C.#(.#..#≈..###..
#.≈#..'..# + ,#Q.'†.#..'≈...###.
#.≈#..'..# ,#g.'..#..'≈...###.
#.≈#..#..# , #C.#..#..#≈....##(
#.≈#..#..#, .W..#..#..#≈.......
#.≈#..#..# ,.....$#..#..#≈....)..
..≈#[.#..#*########..#..#≈.......
..≈#..#.... , ,, ,...#.(#≈.#..>..
..≈#..#......, , ..#..#≈.#.....
..≈#((################..#≈.#.....
..≈#....)...............#≈.#.....


You could see a tengu reaver, 2 ettins, a flayed ghost, a battlesphere and an
adder.

Vanquished Creatures
  The ghost of Slowdrip the Fighter, a journeyman CeGl of Trog (Lair:3)
  A minotaur (Lab)
  A hydra (Lair:2)
  An ice dragon (Lair:6)
  A centaur warrior (D:12)
  An anaconda (Lair:6)
  4 two-headed ogres
  2 skeletal warriors (Volcano)
  2 deep elf magi (D:12)
  A lindwurm (Lair:6)
  A wolf spider (Lair:6)
  A cyclops (D:12)
  3 ugly things (D:12)
  A manticore (D:11)
  Joseph (D:7)
  5 elephants (Lair:6)
  5 torpor snails
  5 black mambas
  13 spiny frogs
  6 gargoyles
  9 komodo dragons
  A kobold demonologist (D:10)
  A rime drake (Lair:6)
  A troll (D:10)
  A tyrant leech (Lair:6)
  Prince Ribbit (D:6)
  8 polar bears
  4 hornets (Lair:6)
  3 raiju (Lair:6)
  5 harpy skeletons (Volcano)
  4 slime creatures
  A dream sheep (Lair:6)
  5 blink frogs
  6 hippogriffs
  A hippogriff (shapeshifter) (D:12)
  2 alligator skeletons (Volcano)
  3 flying skulls (Volcano)
  A redback (Lab)
  19 yaks
  3 wraiths
  4 basilisks
  A human (D:8)
  4 wyverns (D:9)
  2 hungry ghosts (Lab)
  2 hogs (D:8)
  A steam dragon (D:10)
  A vampire mosquito (D:12)
  4 wargs (Lair:6)
  7 water moccasins
  A soldier ant (D:10)
  An acid dragon (D:9)
  14 hell hounds (Lair:6)
  7 porcupines
  A swamp drake (D:11)
  10 black bears
  4 orc warriors
  3 ice beasts
  4 sky beasts
  5 ogres
  22 wolves
  An eye of draining (D:9)
  3 necrophages
  The ghost of motkurip the Insei, an amateur DsMo (D:4)
  2 centaurs
  8 crocodiles
  7 big kobolds
  2 elf zombies (D:7)
  15 bullfrogs
  A water moccasin zombie (D:6)
  A wyvern skeleton (D:7)
  2 scorpions (D:7)
  13 killer bees
  9 wights
  A spriggan skeleton (Volcano)
  2 troll skeletons (Volcano)
  An electric eel (D:12)
  2 howler monkeys
  5 bullfrog zombies
  6 crimson imps
  9 jellies
  2 centaur zombies
  5 bullfrog skeletons
  2 human zombies (D:7)
  10 orc priests
  3 centaur skeletons
  6 hounds
  10 orc wizards
  11 iguanas
  Natasha (D:4)
  Ijyb (D:5)
  10 worker ants
  An ogre zombie (D:7)
  A naga skeleton (Volcano)
  3 ogre skeletons (Lab)
  2 hound skeletons
  3 mummies (D:7)
  A howler monkey zombie (D:5)
  A worker ant zombie (D:9)
  4 gnolls (D:6)
  16 adders
  3 river rats (Sewer)
  A shadow imp (D:8)
  15 oozes
  An adder skeleton (D:3)
  2 adder zombies
  3 worms
  2 dart slugs
  9 leopard geckos
  44 orcs
  10 giant cockroaches
  6 goblins
  5 hobgoblins
  10 jackals
  29 kobolds
  6 quokkas
  9 ball pythons
  4 bats
  7 frilled lizards
  A jackal zombie (D:6)
  2 quokka skeletons
  26 rats
  A spectral orc (D:4)
  2 fungi
  3 plants (Lair:6)
618 creatures vanquished.

Vanquished Creatures (collateral kills)
  A deep elf high priest (D:12)
  3 hydras
  A manticore (D:12)
  A cyclops (D:12)
  3 elephants (Lair:3)
  A torpor snail (Lair:6)
  A komodo dragon (Lair:6)
  2 hornets (Lair:6)
  2 polar bears (Lair:6)
  3 tyrant leeches (Lair:6)
  4 blink frogs (Lair:6)
  A water moccasin (Lair:6)
  An ice beast (D:12)
  2 black bears (Lair:6)
  A wight (D:12)
  A plant (Lair:6)
28 creatures vanquished.

Vanquished Creatures (others)
  9 fungi
  17 plants
26 creatures vanquished.

Grand Total: 672 creatures vanquished

Notes
Turn   | Place    | Note
-------+----------+-------------------------------------------
     0 | D:1      | Syneil the Deep Dwarf Berserker began the quest for the Orb.
     0 | D:1      | Reached XP level 1. HP: 20/20 MP: 1/1
   282 | D:1      | Reached XP level 2. HP: 25/27 MP: 2/2
   300 | D:1      | Reached skill level 4 in Axes
   802 | D:2      | Reached ** piety under Trog
   802 | D:2      | Reached XP level 3. HP: 22/33 MP: 3/3
   923 | D:2      | Reached skill level 5 in Axes
   923 | D:2      | Reached XP level 4. HP: 40/40 MP: 4/4
  1251 | D:2      | Reached skill level 6 in Axes
  1617 | D:3      | Reached XP level 5. HP: 43/46 MP: 5/5
  1656 | D:3      | Found a glowing drain.
  1695 | Sewer    | Entered a sewer
  1866 | Sewer    | Reached *** piety under Trog
  1866 | Sewer    | Reached skill level 7 in Axes
  1866 | Sewer    | Reached XP level 6. HP: 26/55 MP: 6/6
  2064 | Sewer    | Reached skill level 8 in Axes
  2765 | D:3      | Reached **** piety under Trog
  2940 | D:3      | Reached XP level 7. HP: 49/61 MP: 7/7
  3034 | D:4      | Noticed motkurip's ghost (amateur DsMo)
  3052 | D:4      | Killed motkurip's ghost
  3052 | D:4      | Reached skill level 9 in Axes
  3282 | D:4      | Noticed Natasha
  3286 | D:4      | Killed Natasha
  3533 | D:4      | Found a basalt altar of Yredelemnul.
  3635 | D:5      | Entered Level 5 of the Dungeon
  3740 | D:5      | Reached XP level 8. HP: 47/72 MP: 6/6
  3795 | D:5      | Found a stormy altar of Qazlal.
  3911 | D:5      | Noticed Ijyb
  3924 | D:5      | Killed Ijyb
  3997 | D:5      | Reached skill level 10 in Axes
  4059 | D:5      | Received a gift from Trog
  4563 | D:6      | Found a deep blue altar of Sif Muna.
  4631 | D:6      | Noticed Prince Ribbit
  4648 | D:6      | Killed Prince Ribbit
  4648 | D:6      | Reached skill level 5 in Armour
  4678 | D:6      | Reached skill level 11 in Axes
  4698 | D:6      | Reached ***** piety under Trog
  4741 | D:6      | Reached skill level 5 in Fighting
  4741 | D:6      | Gained mutation: You passively map the area around you. [Deep Dwarf growth]
  4741 | D:6      | Reached XP level 9. HP: 64/81 MP: 6/6
  4837 | D:6      | Found a staircase to the Ecumenical Temple.
  5332 | D:7      | Noticed Joseph
  5381 | D:7      | Killed Joseph
  5518 | D:7      | Reached skill level 12 in Axes
  5694 | D:7      | Found a basalt altar of Yredelemnul.
  6170 | D:8      | Noticed a two-headed ogre
  6186 | D:8      | Killed a two-headed ogre
  6186 | D:8      | Reached XP level 10. HP: 74/92 MP: 6/6
  6209 | D:8      | You fall through a shaft!
  6209 | D:9      | Noticed a two-headed ogre
  6728 | D:8      | Reached skill level 13 in Axes
  7226 | D:9      | Received a gift from Trog
  7234 | D:9      | Got an ancient triple sword {god gift}
  7235 | D:9      | Identified the +5 triple sword of Honour {freeze, rElec rN+ Str+3 Dex+3} (Trog gifted it to you on level 9 of the Dungeon)
  7313 | D:9      | Found a staircase to the Lair.
  7536 | D:9      | Killed a two-headed ogre
  7536 | D:9      | Reached skill level 14 in Axes
  7561 | D:9      | Found a shattered altar of Ashenzari.
  7751 | D:10     | Entered Level 10 of the Dungeon
  7776 | D:10     | Reached XP level 11. HP: 57/100 MP: 6/6
  7895 | D:10     | Noticed a two-headed ogre
  7902 | D:10     | Killed a two-headed ogre
  8451 | D:10     | Found a shimmering altar of Xom.
  8551 | Lair:1   | Entered Level 1 of the Lair of Beasts
  9201 | Lair:1   | Received a gift from Trog
  9202 | Lair:1   | Got a twisted executioner's axe {god gift}
  9203 | Lair:1   | Identified the +6 executioner's axe of the Endless March {chop, Str-5 Int+6 Dex+2} (Trog gifted it to you on level 1 of the Lair of Beasts)
  9380 | Lair:2   | Reached skill level 15 in Axes
  9523 | Lair:2   | Noticed a six-headed hydra
  9533 | Lair:2   | Killed a six-headed hydra
  9810 | Lair:2   | Reached skill level 10 in Armour
  9861 | Lair:2   | Found a hole to the Spider Nest.
 10192 | Lair:2   | Upgraded the game from 0.21-a0-272-g984ae92 to 0.21-a0-273-g0785366
 10270 | Lair:3   | Found a staircase to the Shoals.
 10289 | Lair:3   | Noticed Slowdrip's ghost (journeyman CeGl)
 10310 | Lair:3   | Noticed a four-headed hydra
 10316 | Lair:3   | Killed a four-headed hydra
 10316 | Lair:3   | Reached XP level 12. HP: 70/112 MP: 4/4
 10454 | Lair:3   | Killed Slowdrip's ghost
 10454 | Lair:3   | Reached skill level 16 in Axes
 11079 | Lair:3   | Noticed a six-headed hydra
 11084 | Lair:3   | Killed a six-headed hydra
 11525 | Lair:4   | Found a dark tunnel.
 11532 | Volcano  | Entered a volcano
 11735 | Volcano  | Received a gift from Trog
 11776 | Volcano  | Reached skill level 17 in Axes
 12015 | Lair:4   | Found an ancient bone altar of Kikubaaqudgha.
 12176 | Lair:3   | Reached skill level 10 in Fighting
 12176 | Lair:3   | Reached XP level 13. HP: 45/123 MP: 2/2
 12700 | Lair:5   | Found a staircase to the Slime Pits.
 13702 | Lair:6   | Entered Level 6 of the Lair of Beasts
 13748 | Lair:6   | Found a labyrinth entrance.
 13764 | Lab      | Entered a labyrinth
 13921 | Lab      | Noticed a minotaur
 13927 | Lab      | Killed a minotaur
 13990 | Lair:6   | Found a runed door.
 14120 | Lair:6   | Reached skill level 18 in Axes
 14232 | Lair:6   | Paralysed by a hornet for 3 turns
 15033 | Lair:6   | Gained mutation: You resist negative energy. (rN+) [Deep Dwarf growth]
 15033 | Lair:6   | Reached XP level 14. HP: 111/135 MP: 1/1
 15814 | D:11     | Reached skill level 19 in Axes
 15846 | D:11     | Found a staircase to the Orcish Mines.
 15880 | D:11     | Received a gift from Trog
 17216 | D:12     | Noticed a tengu reaver
 17217 | D:12     | Noticed an iron dragon
 17222 | D:12     | Annihilated by an ettin

Vault maps used:
D:1:      ncdulo_lavacross
D:2:      cheibrodos_pilgrimage, kennysheep_generic_room_15
D:3:      portal_sewer_entry_f, kennysheep_generic_room_2
D:4:      yredelemnul_forgotten_temple_becter, first_bread,
          minmay_misc_feat_chi, uniq_natasha
D:5:      nicolae_qazlal_general_emergency, uniq_ijyb
D:6:      temple_green, basic_altar, minmay_misc_feat_more_columns,
          kennysheep_boxes, uniq_prince_ribbit1
D:7:      lemuel_mausoleum_altar_yredelemnul, uniq_joseph
D:8:      grunt_livestock
D:9:      erik_lair_dragon, basic_altar
D:10:     basic_altar, minmay_misc_feat_enclosed
D:11:     erik_orc_1, minmay_lizard_king
D:12:     lemuel_traditional_vault
Lair:1:   lemuel_slime
Lair:2:   beast_lair_carwin_large_4, dummy_spider_entry, grunt_megastairs_1,
          infiniplex_staircase_pool
Lair:3:   elwin_shoals_entry_rooms
Lair:4:   nicolae_volcano_entry_two_sided, st_stairs_7, lemuel_oklob_altar
Lair:5:   minmay_slime_entry_pillars
Lair:6:   wormcave, hangedman_lair_caniforms_friends, lab_entry_generic,
          grunt_megastairs_5, lemuel_fruit_fields
Lab:      labyrinth_spiral, nicolae_lab_hexagon, nicolae_lab_dead_end,
          nicolae_lab_statue, lab_block, nicolae_lab_plus, lab_statue,
          nicolae_lab_grate, nicolae_lab_t_cross, labyrinth_skeletal_remains,
          nicolae_lab_diamond, nicolae_lab_very_dead_end, nicolae_lab_stuck,
          nicolae_lab_big_swirl, lab_fountain, nicolae_lab_garden
Sewer:    sewer_minmay_treatment
Volcano:  volcano_tomb

Skill      XL: |  1  2  3  4  5  6  7  8  9 10 11 12 13 14 |
---------------+-------------------------------------------+-----
Axes           | 4 5 6 7 8 9 11 12 14 15 17 18 19 | 19.3
Fighting       | 3 5 6 7 8 10 11 | 11.3
Armour         | 3 5 7 8 10 11 12 13 | 13.3
Dodging        | 3 |  3.8

Action                   |  1- 3 |  4- 6 |  7- 9 | 10-12 | 13-15 || total
-------------------------+-------+-------+-------+-------+-------++-------
Melee: Hand axe          |    84 |   190 |       |       |       ||   274
       War axe           |       |    55 |   391 |   369 |       ||   815
       Executioner's axe |       |       |       |   219 |   516 ||   735
       Flail             |       |       |       |     5 |       ||     5
 Fire: Hunting sling     |    29 |    55 |    54 |       |       ||   138
Throw: Javelin           |       |       |     6 |    41 |    15 ||    62
       Tomahawk          |       |       |       |    10 |     3 ||    13
Invok: Berserk           |     1 |     2 |     4 |     9 |     6 ||    22
       Brothers in Arms  |       |       |       |     2 |     7 ||     9
       Burn Spellbooks   |       |       |       |     1 |     1 ||     2
       Trog's Hand       |       |       |       |       |    16 ||    16
 Abil: Heal Wounds       |     1 |     1 |     9 |    37 |    32 ||    80
Evoke: Wand              |       |       |       |     2 |       ||     2
  Use: Scroll            |       |     6 |     9 |     7 |     9 ||    31
       Potion            |       |       |       |       |     2 ||     2
 Stab: Distracted        |       |       |       |       |     1 ||     1
  Eat: Chunk             |       |     7 |    12 |    15 |    19 ||    53
       Fruit             |       |     3 |       |     5 |       ||     8
       Royal jelly       |       |       |     1 |       |       ||     1
       Meat ration       |       |       |       |     2 |     2 ||     4
       Bread ration      |       |       |       |       |     1 ||     1
Armor: Animal skin       |     8 |       |       |       |       ||     8
       Chain mail        |     2 |   113 |       |       |    67 ||   182
       Ring mail         |       |    10 |   125 |    54 |       ||   189
       Scale mail        |       |       |       |   119 |       ||   119
       Ice dragon scales |       |       |       |       |   221 ||   221
Dodge: Dodged            |    53 |    91 |   160 |   268 |   290 ||   862
Block: Other             |       |       |     3 |    62 |    68 ||   133
       Reflection        |       |       |       |     2 |     2 ||     4

Table legend:
 A = Spawn XP
 B = Non-spawn XP
 C = Spawn XP percentage of total XP
 D = Spawn monster count
 E = Non-spawn monster count
 F = Spawn count percentage of total count
 G = Total turns spent on level
                    A         B        C        D         E        F      G
               +---------+---------+-------+---------+---------+-------+---------
         Total |       0 |   81653 |   0.0 |       0 |     640 |   0.0 | 17222
               +---------+---------+-------+---------+---------+-------+---------
           D:1 |       0 |      30 |   0.0 |       0 |      18 |   0.0 |   724
           D:2 |       0 |     142 |   0.0 |       0 |      31 |   0.0 |   868
           D:3 |       0 |     171 |   0.0 |       0 |      23 |   0.0 |   885
           D:4 |       0 |     463 |   0.0 |       0 |      16 |   0.0 |   638
           D:5 |       0 |     645 |   0.0 |       0 |      22 |   0.0 |   851
           D:6 |       0 |    1084 |   0.0 |       0 |      27 |   0.0 |   866
           D:7 |       0 |    2328 |   0.0 |       0 |      37 |   0.0 |   816
           D:8 |       0 |    2348 |   0.0 |       0 |      15 |   0.0 |   754
           D:9 |       0 |    3057 |   0.0 |       0 |      31 |   0.0 |   950
          D:10 |       0 |    3477 |   0.0 |       0 |      35 |   0.0 |   765
          D:11 |       0 |    1705 |   0.0 |       0 |      42 |   0.0 |   663
          D:12 |       0 |   10319 |   0.0 |       0 |      48 |   0.0 |   814
        Lair:1 |       0 |    1591 |   0.0 |       0 |      27 |   0.0 |   852
        Lair:2 |       0 |    5112 |   0.0 |       0 |      23 |   0.0 |   917
        Lair:3 |       0 |    7550 |   0.0 |       0 |      25 |   0.0 |  1203
        Lair:4 |       0 |    3637 |   0.0 |       0 |      13 |   0.0 |   923
        Lair:5 |       0 |    5013 |   0.0 |       0 |      25 |   0.0 |  1143
        Lair:6 |       0 |   24659 |   0.0 |       0 |     106 |   0.0 |  1543
           Lab |       0 |    1738 |   0.0 |       0 |       7 |   0.0 |   178
         Sewer |       0 |     430 |   0.0 |       0 |      48 |   0.0 |   520
       Volcano |       0 |    6154 |   0.0 |       0 |      21 |   0.0 |   349
               +---------+---------+-------+---------+---------+-------+---------
